 Dungeon Crawl Stone Soup version 0.30-a0-172-gc5509c9e31 (webtiles) character file.

Game seed: 3695269505104546099

67 blackman the Slasher (level 3, -1/29 HPs)
             Began as a Demigod Wanderer on Oct 2, 2022.
             Slain by a hobgoblin (2 damage)
             ... on level 2 of the Dungeon.
             The game lasted 00:02:43 (1161 turns).

blackman the Slasher (Demigod Wanderer)             Turns: 1161, Time: 00:02:44

Health: -1/29      AC:  2    Str: 13    XL:     3   Next: 70%
Magic:  6/6        EV: 10    Int: 14    God:
Gold:   107        SH:  8    Dex: 17    Spells: 3/4 levels left

rFire   . . .      SeeInvis .    a - +3 dagger
rCold   . . .      Faith    .    g - +0 kite shield
rNeg    . . .      Spirit   .    c - +0 robe
rPois   .          Reflect  .    (no helmet)
rElec   .          Harm     .    (no cloak)
rCorr   .          Rampage  .    (no gloves)
Will    .....                    (no boots)
Stlth   ++........               (no amulet)
HPRegen 0.24/turn                e - ring of flight
MPRegen 0.10/turn                (no ring)

@: lethally poisoned (-1 -> -2), flying
A: high MP 1, forlorn, divine attributes
a: no special abilities


You were on level 2 of the Dungeon.
You visited 1 branch of the dungeon, and saw 2 of its levels.

You collected 107 gold pieces.

Inventory:

Hand Weapons
 a - a +3 dagger (weapon)
Armour
 c - a +0 robe (worn)
 g - a +0 kite shield (worn)
Jewellery
 e - a ring of flight (left hand)
Scrolls
 f - 7 scrolls of identify {unknown}
 h - a scroll of poison {unknown}
 i - a scroll of teleportation {unknown}
 j - a scroll of summoning {unknown}
 m - a scroll of noise {unknown}
 n - a scroll of fog {unknown}
Potions
 b - 2 potions of invisibility
 d - a potion of heal wounds {unknown}
 k - 2 potions of mutation {unknown}
 l - a potion of curing {unknown}


   Skills:
 - Level 1.7 Fighting
 * Level 2.8 Long Blades
 - Level 1.0 Dodging
 - Level 2.6 Stealth
 + Level 1.4 Shields
 - Level 1.0 Spellcasting
 - Level 1.7 Translocations
 - Level 1.0 Evocations


You had 3 spell levels left.
You knew the following spells:

 Your Spells              Type           Power      Damage    Failure   Level
a - Apportation           Tloc           10%        N/A       38%         1

Your spell library contained the following spells:

 Spells                   Type           Power      Damage    Failure   Level
 Blink                    Tloc           10%        N/A       54%         2
 Lesser Beckoning         Tloc           5%         N/A       77%         3
 Manifold Assault         Tloc           5%         N/A       99%         4
 Storm Form               Tmut/Air       0%         N/A       100%        7


Dungeon Overview and Level Annotations

Branches:
Dungeon (2/15)


Innate Abilities, Weirdness & Mutations

You have an increased reservoir of magic. (+10% MP)
You shall have no god before yourself.
Your divine heritage dramatically boosts your attributes as you level up.


Message History

The adder is heavily wounded.
The adder misses you. The hobgoblin barely misses you.
You miss the adder.
The adder is heavily wounded.
You block the adder's attack. The hobgoblin closely misses you.
The adder bites you.
You hit the adder but do no damage.
The adder is heavily wounded.
The adder bites you. The goblin hits you with a +0 dagger.
You block the hobgoblin's attack.
You miss the adder.
The adder is heavily wounded.
The adder bites you. The goblin hits you with a +0 dagger.
* * * LOW HITPOINT WARNING * * *
You block the hobgoblin's attack. The adder closely misses you.
You hit the adder.
The adder is severely wounded.
You block the goblin's attack. You block the hobgoblin's attack.
The adder bites you.
* * * LOW HITPOINT WARNING * * *
You miss the adder.
The adder is severely wounded.
The adder bites you.
* * * LOW HITPOINT WARNING * * *
You are lethally poisoned!
The adder poisons you! You block the goblin's attack.
You block the hobgoblin's attack. The adder barely misses you.
You barely miss the adder.
The adder is severely wounded.
* * * LOW HITPOINT WARNING * * *
You feel sick. You block the goblin's attack. You block the hobgoblin's attack.
You block the adder's attack.
You hit the adder.
You kill the adder!
* * * LOW HITPOINT WARNING * * *
You feel sick. The goblin closely misses you. You block the hobgoblin's attack.
You block the goblin's attack. The hobgoblin barely misses you.
* * * LOW HITPOINT WARNING * * *
You feel sick. The hobgoblin hits you.
You die...

.# ### ##.#####. #...
.........
.#.#.###.....#..
................ ###
#.....###.###.. ###..
.....##.....##. ....
#..#.@.#...#. ##.##
#..#gg...<.#r ##...###
#..#..._...#. #......#
##..#.#...#.#. ##...#.#
##.......<.....
##.##.###.....#.....#..
##.###.##......#######..
#.^.##.#................
......#.................


You could see a hobgoblin, a goblin and a rat.

Vanquished Creatures
  3 adders (D:2)
  3 dart slugs (D:1)
  2 ball pythons (D:2)
  An endoplasm (D:1)
  6 goblins
  5 hobgoblins (D:1)
  8 bats
  2 frilled lizards (D:1)
  3 rats
33 creatures vanquished.

Notes
Turn   | Place    | Note
-------+----------+-------------------------------------------
     0 | D:1      | blackman the Demigod Wanderer began the quest for the Orb.
     0 | D:1      | blackman set off with the following items: a +3 dagger, 2
                  | potions of invisibility, a +0 robe; and the following spell
                  | memorised: Apportation; and the following spells available
                  | to memorise: Lesser Beckoning.
     0 | D:1      | Reached XP level 1. HP: 17/17 MP: 4/4
    89 | D:1      | Reached skill level 1 in Long Blades
   203 | D:1      | Reached XP level 2. HP: 24/24 MP: 5/5
   621 | D:1      | Reached XP level 3. HP: 28/29 MP: 6/6
   728 | D:2      | Reached skill level 1 in Shields
  1161 | D:2      | HP: 1/29 [poisoned by an adder]
  1161 | D:2      | Slain by a hobgoblin

Illustrated notes

Levels and vault maps discovered:
D:1:      shiori_arrival_elements, layout_basic
D:2:      layout_loops_corners, nicolae_ecumenical_pavilion, dk_noncrumbling_4,
          lexackson_kobold_supper

Skill      XL: |  1  2  3 |
---------------+----------+-----
Long Blades    | 1 2 |  2.8
Shields        | 1 |  1.4
Fighting       | |  1.7
Dodging        | |  1.0
Stealth        | |  2.6
Spellcasting   | |  1.0
Translocations | |  1.7
Evocations     | |  1.0

Action                   || total
-------------------------++-------
Melee: Dagger            ||   106
 Stab: Sleeping          ||     6
Armor: Robe              ||    14
Dodge: Dodged            ||    61
Block: Kite shield       ||    57

Table legend: (Time is in decaauts)
 A = Elapsed time spent in this place.
 B = Non-inter-level travel time spent in this place.
 C = Inter-level travel time spent in this place.
 D = Time resting spent in this place.
 E = Time spent auto-exploring this place.
 F = Levels seen in this place.
 G = Mean time per level.
                   A        B        C        D        E       F      G
               +--------+--------+--------+--------+--------+-----+--------+
         Total |   1171 |   1144 |     27 |      0 |    882 |   2 |  585.5 |
       Dungeon |   1171 |   1144 |     27 |      0 |    882 |   2 |  585.5 |
               +--------+--------+--------+--------+--------+-----+--------+

Top non-repeatable levels by time:
     D:1: 701 daAuts
     D:2: 469 daAuts
